 Dungeon Crawl Stone Soup version 0.26.1-2-gb8aa6d0cf2 (webtiles) character file.

Game seed: 1118934029384638474

33653 dohliylev the Fighter (level 13, -3/125 HPs)
             Began as a Minotaur Berserker on Mar 25, 2021.
             Was an Elder of Trog.
             Slain by a gargoyle
             ... wielding a +0 flail
              (10 damage)
             ... on level 14 of the Dungeon.
             The game lasted 00:41:39 (17003 turns).

dohliylev the Fighter (Minotaur Berserker)         Turns: 17003, Time: 00:41:39

Health: -3/125     AC: 19    Str: 35    XL:     13   Next: 37%
Magic:  21/21      EV: 13    Int: 14    God:    Trog [****..]
Gold:   337        SH: 21    Dex:  9    Spells: 12/12 levels left

rFire    + . .     SeeInvis .   J - +4 hand axe "Saherphei" {holy, Will+}
rCold    . . .     Faith    .   B - +0 tower shield
rNeg     . . .     Spirit   .   O - +3 scale mail "Niaha" {Will- Str+7 Int+4}
rPois    .         Reflect  .   K - +0 hat
rElec    .         Harm     .   y - +0 cloak
rCorr    .         Rampage  .   L - +0 pair of gloves
Will     ++...                  P - +2 pair of boots of the Skies Above {rF+ Int+6}
Stlth    ..........             E - amulet of magic regeneration
HPRegen  1.30/turn              n - ring of magical power
MPRegen  0.42/turn              N - +4 ring of protection

@: berserk cooldown, regenerating (expiring), slowed, very slow
A: retaliatory headbutt, horns 2
a: Renounce Religion, Berserk, Trog's Hand, Brothers in Arms


You were on level 14 of the Dungeon.
You worshipped Trog.
Trog was greatly pleased with you.
You visited 1 branch of the dungeon, and saw 14 of its levels.

You collected 818 gold pieces.
You spent 481 gold pieces at shops.

Inventory:

Hand Weapons
 u - a +3 hand axe
 H - a +4 halberd of protection
 J - the +4 hand axe "Saherphei" (weapon) {holy, Will+}
   (You found it on level 8 of the Dungeon)

   It has been blessed by the Shining One to cause great damage to the undead
   and demons.
   It affects your willpower, your defense against some magical effects.
Armour
 y - a +0 cloak (worn)
 A - the +5 scale mail "Inokecs" {rCorr Str-4 Int+2}
   (You found it on level 13 of the Dungeon)

   It affects your strength (-4).
   It affects your intelligence (+2).
   It provides partial protection from all sources of acid and corrosion.
 B - a +0 tower shield (worn)
 G - a +2 ring mail of fire resistance
 K - a +0 hat (worn)
 L - a +0 pair of gloves (worn)
 M - a +2 ring mail of positive energy
 O - the +3 scale mail "Niaha" (worn) {Will- Str+7 Int+4}
   (You found it on level 13 of the Dungeon)

   It affects your strength (+7).
   It affects your intelligence (+4).
   It affects your willpower, your defense against some magical effects.
 P - the +2 pair of boots of the Skies Above (worn) {rF+ Int+6}
   (You found it on level 13 of the Dungeon)

   It affects your intelligence (+6).
   It protects you from fire.
Jewellery
 a - an uncursed ring of fire
 n - a ring of magical power (left hand)
 E - an amulet of magic regeneration (around neck)
 N - a +4 ring of protection (right hand)
Scrolls
 b - 3 scrolls of fog {unknown}
 d - 6 scrolls of amnesia {unknown}
 i - 12 scrolls of identify {unknown}
 j - a scroll of vulnerability {unknown}
 l - 5 scrolls of teleportation {unknown}
 m - a scroll of enchant weapon {unknown}
 r - 5 scrolls of remove curse {unknown}
 s - 8 scrolls of magic mapping {unknown}
 t - 2 scrolls of enchant armour {unknown}
 v - 3 scrolls of blinking {unknown}
 w - 2 scrolls of random uselessness {unknown}
 x - a scroll of acquirement {unknown}
 D - 2 scrolls of fear {unknown}
Potions
 c - 3 potions of resistance {unknown}
 e - 2 potions of degeneration {unknown}
 f - 3 potions of brilliance {unknown}
 g - 5 potions of curing {unknown}
 h - 2 potions of ambrosia {unknown}
 k - 3 potions of might {unknown}
 o - 2 potions of haste
 p - 2 potions of heal wounds {unknown}
 q - 3 potions of lignification {unknown}
 z - 2 potions of flight {unknown}
 F - 2 potions of magic {unknown}
 I - a potion of experience {unknown}


   Skills:
 + Level 14.3 Fighting
 - Level 13.7(14.0) Axes
 + Level 4.1(10.0) Polearms
 + Level 4.8 Armour
 + Level 11.1 Dodging
 + Level 13.4 Shields


You had 12 spell levels left.
You didn't know any spells.
Your spell library was empty.

Dungeon Overview and Level Annotations

Branches:
Dungeon (14/15)            Temple (0/1) D:4            Lair (0/6) D:8
    Orc (0/2) D:10         Vaults (0/5) D:13

Altars:
Elyvilon
Gozag
Nemelex Xobeh
Sif Muna
Vehumet
Wu Jian
Xom
The Shining One

Shops:
D:7 (   D:13 *

Portals:
Trove: D:14 (give horn of Geryon)


Innate Abilities, Weirdness & Mutations

You reflexively headbutt those who attack you in melee.
You have a pair of horns on your head.


Message History

The boulder beetle stops rolling and uncurls.
The gargoyle hurls a stone arrow at you.
You block the stone arrow.
The boulder beetle bites you but does no damage.
The howler monkey howls!
You fail to use your ability.
The gargoyle hurls a stone arrow at you.
You block the stone arrow. The boulder beetle misses you.
You furiously retaliate!
You headbutt the boulder beetle.
You feel the effects of Trog's Hand fading.
You block the gargoyle's attack. You block the boulder beetle's attack.
The howler monkey hoots and howls with incredible vigour!
You block the boulder beetle's attack.
The gargoyle hits you but does no damage.
You hear a shout!
The howler monkey hoots and howls with incredible vigour!
The boulder beetle bites you!
* * * LOW HITPOINT WARNING * * *
The gargoyle hits you with a +0 flail!
You die...

......_ # #..... # #....
#...# #h..# #.h.# #.h.#
######B.9#
.......@†###############
......>†$...............
........................
#################..#####
#..# #..# #######..#####
..............
.............#


You could see a boulder beetle, a gargoyle and 3 howler monkeys.

Vanquished Creatures
  Nessos (D:13)
  Azrael (D:12)
  A hydra (D:12)
  A boulder beetle (D:13)
  5 vault guards
  A centaur warrior (D:13)
  A death knight (D:13)
  A tengu warrior (D:12)
  2 two-headed ogres
  Urug (D:11)
  An unseen horror (D:13)
  4 ugly things (D:14)
  A deep elf mage (D:12)
  3 manticores
  2 centaur skeletons
  A gargoyle (D:10)
  A redback zombie (D:14)
  2 freezing wraiths (D:13)
  A kobold demonologist (D:7)
  5 trolls
  10 slime creatures
  A wraith (D:13)
  2 shadows
  3 fire elementals (D:12)
  19 yaks
  5 wyverns
  A water moccasin (D:9)
  4 hell hounds (D:12)
  11 orc warriors
  2 black bears
  A phantom (D:6)
  5 sky beasts
  3 eyes of draining
  4 ice beasts
  A necrophage (D:10)
  7 ogres
  8 centaurs
  3 big kobolds
  17 bullfrogs
  2 wyvern zombies
  10 scorpions
  A water moccasin skeleton (D:7)
  3 killer bees (D:9)
  5 wights (D:13)
  2 electric eels (D:4)
  3 howler monkeys
  3 bullfrog zombies
  4 crimson imps (D:3)
  A quasit (D:10)
  8 orc priests
  3 centaur zombies
  9 hounds
  4 jellies
  12 orc wizards
  4 bullfrog skeletons
  4 iguanas
  12 worker ants
  A hound zombie (D:8)
  4 gnolls (D:6)
  18 adders
  4 shadow imps
  A white imp (D:10)
  2 ufetubi
  An ooze (D:5)
  An adder zombie (D:6)
  4 worms
  An adder skeleton (D:9)
  2 dart slugs
  9 leopard geckos
  49 orcs
  2 ball pythons
  8 giant cockroaches
  8 hobgoblins
  35 jackals
  3 quokkas
  7 bats
  9 goblins
  A jackal zombie (D:6)
  25 kobolds
  6 rats
434 creatures vanquished.

Vanquished Creatures (collateral kills)
  Frances (D:13)
1 creature vanquished.

Vanquished Creatures (others)
  19 fungi (D:8)
  35 plants
54 creatures vanquished.

Grand Total: 489 creatures vanquished

Notes
Turn   | Place    | Note
-------+----------+-------------------------------------------
     0 | D:1      | dohliylev the Minotaur Berserker began the quest for the
                  | Orb.
     0 | D:1      | Reached XP level 1. HP: 19/19 MP: 0/0
   230 | D:1      | Reached skill level 4 in Fighting
   230 | D:1      | Reached XP level 2. HP: 18/27 MP: 1/1
   576 | D:1      | Reached ** piety under Trog
   675 | D:1      | Reached XP level 3. HP: 16/34 MP: 2/2
  1210 | D:2      | Reached XP level 4. HP: 41/41 MP: 3/3
  1661 | D:2      | Reached skill level 5 in Fighting
  1790 | D:2      | Reached skill level 5 in Axes
  1898 | D:3      | Reached *** piety under Trog
  2086 | D:3      | Reached XP level 5. HP: 48/48 MP: 4/4
  3012 | D:3      | Found a shimmering altar of Xom.
  3024 | D:3      | Reached XP level 6. HP: 56/56 MP: 5/5
  3174 | D:3      | Reached skill level 1 in Shields
  3692 | D:4      | Found a transporter.
  3773 | D:4      | Reached XP level 7. HP: 52/62 MP: 6/6
  4043 | D:4      | Found a staircase to the Ecumenical Temple.
  4074 | D:4      | Found a transporter.
  4658 | D:5      | Entered Level 5 of the Dungeon
  5005 | D:5      | Reached skill level 6 in Fighting
  5005 | D:5      | Reached skill level 5 in Dodging
  5352 | D:5      | Found a radiant altar of Vehumet.
  5688 | D:5      | Found an opulent altar of Gozag.
  5688 | D:5      | Found a shimmering blue altar of Sif Muna.
  5905 | D:6      | Reached XP level 8. HP: 62/71 MP: 7/7
  6320 | D:6      | Reached **** piety under Trog
  6394 | D:6      | Reached skill level 7 in Fighting
  6464 | D:6      | Reached skill level 10 in Axes
  7001 | D:7      | Found a transporter.
  7001 | D:7      | Found a transporter.
  7158 | D:7      | Found Lubloy Bitio's Weapon Boutique.
  7430 | D:7      | Noticed a kobold demonologist
  7466 | D:7      | Reached XP level 9. HP: 79/79 MP: 8/8
  7483 | D:7      | Found a sparkling altar of Nemelex Xobeh.
  7659 | D:7      | Noticed a rust devil
  7661 | D:7      | Noticed a rust devil
  7877 | D:7      | Bought a +4 halberd of protection for 321 gold pieces
  7972 | D:7      | Killed a kobold demonologist
  7974 | D:7      | Reached skill level 1 in Polearms
  8296 | D:8      | Reached skill level 8 in Fighting
  8346 | D:8      | Found a staircase to the Lair.
  8919 | D:8      | Got a scorched hand axe
  8920 | D:8      | Identified the +4 hand axe "Saherphei" {holy, Will+} (You
                  | found it on level 8 of the Dungeon)
  9267 | D:9      | Reached ***** piety under Trog
  9281 | D:9      | Reached XP level 10. HP: 74/90 MP: 9/9
  9315 | D:9      | Reached skill level 9 in Fighting
  9417 | D:9      | Received a gift from Trog
  9577 | D:9      | Found an ornate altar of the Wu Jian Council.
  9828 | D:9      | Found a glowing golden altar of the Shining One.
  9991 | D:10     | Entered Level 10 of the Dungeon
 10107 | D:10     | Found a staircase to the Orcish Mines.
 10819 | D:10     | Noticed a gargoyle
 10832 | D:10     | Killed a gargoyle
 10833 | D:10     | Reached skill level 10 in Fighting
 10999 | D:11     | Noticed Urug
 11011 | D:11     | Reached skill level 5 in Shields
 11025 | D:11     | Killed Urug
 11026 | D:11     | Reached XP level 11. HP: 70/100 MP: 10/10
 11260 | D:11     | Noticed a two-headed ogre
 11269 | D:11     | Killed a two-headed ogre
 11417 | D:11     | HP: 4/101 [something (7)]
 11422 | D:11     | HP: 3/101 [something (4)]
 11423 | D:11     | HP: 1/101 [something (3)]
 11502 | D:12     | HP: 1/101 [orc priest/divine providence (10)]
 11857 | D:12     | Noticed Azrael
 11879 | D:12     | Killed Azrael
 11880 | D:12     | Reached skill level 11 in Fighting
 11966 | D:12     | Noticed a six-headed hydra
 11976 | D:12     | Killed a 12-headed hydra
 12655 | D:12     | Noticed a tengu warrior
 12673 | D:12     | Killed a tengu warrior
 12801 | D:12     | Reached skill level 12 in Fighting
 13171 | D:12     | Noticed a deep elf mage
 13186 | D:12     | Killed a deep elf mage
 13187 | D:12     | Reached XP level 12. HP: 103/112 MP: 11/11
 13677 | D:13     | Reached skill level 10 in Dodging
 13701 | D:13     | Reached skill level 10 in Shields
 14040 | D:13     | Found a gate to the Vaults.
 14040 | D:13     | Noticed a vault guard
 14040 | D:13     | Noticed a vault guard
 14040 | D:13     | Noticed a vault guard
 14040 | D:13     | Noticed a vault guard
 14061 | D:13     | Killed a vault guard
 14101 | D:13     | Killed a vault guard
 14112 | D:13     | Killed a vault guard
 14123 | D:13     | Killed a vault guard
 14126 | D:13     | HP: 5/169 [centaur (7)]
 14136 | D:13     | HP: 5/113 [yak (3)]
 14575 | D:13     | Reached skill level 13 in Fighting
 14950 | D:13     | Got a polished scale mail
 14961 | D:13     | Identified the +3 scale mail "Niaha" {Will- Str+7 Int+4}
                  | (You found it on level 13 of the Dungeon)
 15338 | D:13     | Noticed a death knight
 15352 | D:13     | Killed a death knight
 15743 | D:13     | Noticed a two-headed ogre
 15754 | D:13     | Killed a two-headed ogre
 15810 | D:13     | Found Nuosod's Assorted Antiques.
 15821 | D:13     | Bought a dented soapstone amulet for 160 gold pieces
 15891 | D:13     | Got a masterwork scale mail
 15904 | D:13     | Identified the +5 scale mail "Inokecs" {rCorr Str-4 Int+2}
                  | (You found it on level 13 of the Dungeon)
 16024 | D:13     | Noticed a boulder beetle
 16044 | D:13     | Killed a boulder beetle
 16276 | D:13     | Noticed Frances
 16289 | D:13     | Killed Frances
 16290 | D:13     | Reached XP level 13. HP: 110/123 MP: 12/12
 16306 | D:13     | Noticed Nessos
 16315 | D:13     | Killed Nessos
 16334 | D:13     | Got a pair of slimy boots
 16345 | D:13     | Identified the +2 pair of boots of the Skies Above {rF+
                  | Int+6} (You found it on level 13 of the Dungeon)
 16679 | D:14     | Reached skill level 14 in Fighting
 16766 | D:14     | Found a portal to a secret trove of treasure.
 16995 | D:14     | Found a white marble altar of Elyvilon.
 17003 | D:14     | Slain by a gargoyle

Illustrated notes

Levels and vault maps discovered:
D:1:      ebering_trefoil_3fold, layout_rooms
D:2:      layout_loops_ring
D:3:      layout_loops_ring, led_xom_imps
D:4:      gammafunk_steamed_eel, layout_basic, minmay_temple_entry_junction,
          minmay_misc_feat_nine_boxes
D:5:      layout_loops_cross, nicolae_overflow_hidden_temple
D:6:      layout_basic
D:7:      gammafunk_wand_slinger, layout_loops_ring, kennysheep_little_box,
          serial_shops, nicolae_shop_statue_plus
D:8:      minmay_razor_zed, layout_gridville, due_lair_maze_entry_diamond,
          serial_glass, glass_columns_b, glass_columns_b, glass_columns_b
D:9:      layout_rooms, general_overflow_altar, lemuel_doored_altar
D:10:     layout_irregular_city, orc_david_3, serial_column_ruins,
          column_ruins_hut_ruined, column_ruins_hut_pillars,
          column_ruins_open_small, column_ruins_grid_1, column_ruins_corridor_T,
          column_ruins_open_small, column_ruins_columns_straight,
          column_ruins_corridor_water
D:11:     layout_small_grid, the_bakery, uniq_urug
D:12:     layout_basic, uniq_azrael
D:13:     layout_basic, lightli_vaults_fourway_checkpoint, serial_shops,
          shop_fountains, uniq_frances, uniq_nessos
D:14:     layout_long_grid, basic_altar, enter_trove_5, minmay_misc_feat_roman,
          drop_trap

Skill      XL: |  1  2  3  4  5  6  7  8  9 10 11 12 13 |
---------------+----------------------------------------+-----
Fighting       | 4 5 6 7 8 10 12 13 14 | 14.3
Axes           | 4 5 6 7 8 10 12 13 | 13.7
Dodging        | 3 4 5 6 7 8 9 11 | 11.1
Shields        | 1 2 3 5 9 12 13 | 13.4
Polearms       | 4 |  4.1
Armour         | 3 4 |  4.8

Action                   |  1- 3 |  4- 6 |  7- 9 | 10-12 | 13-15 || total
-------------------------+-------+-------+-------+-------+-------++-------
Melee: Hand axe          |    75 |   174 |    61 |   638 |   105 ||  1053
       Headbutt          |    13 |    21 |    62 |   162 |    36 ||   294
       War axe           |       |       |   229 |       |       ||   229
       Halberd           |       |       |    26 |       |       ||    26
Invok: Berserk           |     1 |     4 |     9 |    24 |     3 ||    41
       Trog's Hand       |       |     1 |     6 |    19 |     1 ||    27
       Brothers in Arms  |       |       |       |     3 |       ||     3
 Stab: Sleeping          |       |     1 |       |       |       ||     1
Armor: Animal skin       |    22 |    32 |    28 |       |       ||    82
       Ring mail         |       |       |    45 |   166 |       ||   211
       Scale mail        |       |       |       |     5 |    12 ||    17
Dodge: Dodged            |    69 |    94 |   187 |   187 |    11 ||   548
Block: Buckler           |       |    17 |    53 |    15 |       ||    85
       Tower shield      |       |       |       |   342 |    55 ||   397
